 Dungeon Crawl Stone Soup version 0.22.1-2-g9c5b331 (webtiles) character file.

2779 shakethe the Fighter (level 9, -3/75 HPs)
             Began as a Demonspawn Gladiator on Nov 19, 2018.
             Was a Follower of Okawaru.
             Slain by an orc warrior
             ... wielding a +0 broad axe
              (17 damage)
             ... in a bailey.
             The game lasted 00:18:49 (7221 turns).

shakethe the Fighter (Demonspawn Gladiator)         Turns: 7221, Time: 00:18:50

Health: -3/75      AC: 12    Str: 15    XL:     9   Next: 42%
Magic:  9/9        EV: 18    Int: 13    God:    Okawaru [*.....]
Gold:   319        SH:  6    Dex: 19    Spells: 8/8 levels left

rFire    . . .     SeeInvis .     - Unarmed
rCold    + . .     Gourm    .   a - +0 buckler
rNeg     . . .     Faith    .   r - +2 leather armour {rC+}
rPois    .         Spirit   .   c - +1 helmet
rElec    .         Reflect  .   (no cloak)
rCorr    .         Harm     .   (gloves unavailable)
MR       .....                  (no boots)
Stlth    ++........             (no amulet)
HPRegen  0.22/turn              o - +2 ring of protection
MPRegen  0.11/turn              (no ring)

@: agile
A: claws 3, yellow scales 2, powered by death 1, spiny 1
a: Heroism, Renounce Religion


You were in a bailey.
You worshipped Okawaru.
Okawaru was aware of your devotion.
You were hungry.

You visited 2 branches of the dungeon, and saw 8 of its levels.
You also visited: Bailey.

You collected 319 gold pieces.

Inventory:

Missiles
 n - 6 javelins
 y - 2 throwing nets (quivered)
Armour
 a - a +0 buckler (worn)
 c - a +1 helmet (worn)
 r - a +2 leather armour of cold resistance (worn)
Jewellery
 o - a +2 ring of protection (left claw)
Wands
 t - a wand of digging (3)
 v - a wand of paralysis (5)
Scrolls
 d - a scroll of enchant armour
 g - a scroll of enchant weapon
 h - 6 scrolls of remove curse
 j - a scroll of identify
 k - 2 scrolls of fear
 m - a scroll of teleportation
 p - a scroll of magic mapping
Potions
 b - a potion of flight
 e - 2 potions of curing
 i - 2 potions of agility
 l - a potion of heal wounds {unknown}
 u - a potion of invisibility {unknown}
Comestibles
 f - 11 rations
 q - 3 chunks of flesh


   Skills:
 + Level 8.5 Fighting
   Level 3.3 Axes
 - Level 1.7 Throwing
 - Level 0.5 Armour
 - Level 2.6 Dodging
 - Level 4.8 Shields
 * Level 7.3 Unarmed Combat


You had 8 spell levels left.
You didn't know any spells.
Your spell library contained the following spells:

 Spells                   Type           Power        Failure   Level  Hunger
 Flame Tongue             Conj/Fire      #....        36%         1    ##.....
 Throw Flame              Conj/Fire      #.....       50%         2    ###....
 Conjure Flame            Conj/Fire      #.......     75%         3    ####...
 Inner Flame              Hex/Fire       #.......     75%         3    ####...
 Sticky Flame             Conj/Fire      #.......     98%         4    #####..
 Fireball                 Conj/Fire      #.........   100%        5    ######.


Dungeon Overview and Level Annotations

Branches:
Dungeon (7/15)             Temple (1/1) D:6

Altars:
Cheibriados
Dithmenos
Fedhas
Gozag
Kikubaaqudgha
Makhleb
Nemelex Xobeh
Okawaru
Qazlal
Ru
Sif Muna
Trog
Uskayaw
Vehumet
Wu Jian
Xom
Yredelemnul
Zin
The Shining One

Shops:
D:6 %[(

Annotations:
D:5 1 runed door


Innate Abilities, Weirdness & Mutations

You have claws for hands.
You are mostly covered in yellow scales. (AC +3)
You regenerate a little health from kills.
You are partially covered in sharp spines.


Message History

You claw the orc warrior!
The orc warrior is moderately wounded.
The orc warrior is struck by your spines.
The orc warrior hits you with a hand axe!
The orc warrior is struck by your spines.
The orc warrior hits you with a broad axe!
You scratch the orc warrior.
The orc warrior is heavily wounded.
The orc warrior hits you with a hand axe!
* * * LOW HITPOINT WARNING * * *
The orc warrior misses you.
You feel agile all of a sudden.
The orc warrior is struck by your spines.
The orc warrior completely misses you. The orc warrior closely misses you.
You claw the orc warrior!
The orc warrior is severely wounded.
The orc warrior hits you with a hand axe.
* * * LOW HITPOINT WARNING * * *
The orc warrior hits you with a broad axe!
You die...

♣♣♣♣♣♣ ###)).......##
♣♣.♣..♣♣♣
###.#)#.....###
♣.......♣###.....###.###
♣♣.......##.........###
♣........#...........#
♣........')..........#
♣..∩.∩..')....⌠.....#
♣........')..........#
♣........#....@o.....#
♣♣.......##...go.)..###
♣♣......♣###..g))###.###
# ♣..♣.♣♣♣
###.#o#g....### ###
♣♣♣♣♣♣ ###og.......###..
#..)...)....#...
#......))...#...
#.....⌠.)..)#...
#.........))'...


You could see 3 orc warriors, an orc and 3 goblins.

Vanquished Creatures
  Grinder (D:3)
  Sigmund (D:3)
  4 orc warriors (Bailey)
  A sky beast (D:5)
  A black bear (D:6)
  2 ogres
  A phantom (D:4)
  A centaur (D:5)
  3 bullfrogs
  A gnoll sergeant (D:6)
  A scorpion (D:4)
  3 killer bees (D:7)
  2 howler monkeys
  A crimson imp (D:5)
  2 jellies (D:6)
  A hound (D:6)
  An iguana (D:4)
  3 orc priests
  6 orc wizards
  2 bullfrog skeletons
  Natasha (D:2)
  4 worker ants
  2 killer bee zombies
  A worker ant zombie (D:5)
  18 gnolls
  4 adders
  A shadow imp (D:7)
  2 oozes
  An adder zombie (D:7)
  2 worms (D:2)
  2 dart slugs
  6 leopard geckos
  34 orcs
  4 giant cockroaches
  22 goblins
  15 hobgoblins
  5 jackals (D:2)
  4 kobolds
  6 quokkas
  3 ball pythons
  5 bats
  A frilled lizard (D:3)
  4 rats
185 creatures vanquished.

Notes
Turn   | Place    | Note
-------+----------+-------------------------------------------
     0 | D:1      | shakethe the Demonspawn Gladiator began the quest for the
                  | Orb.
     0 | D:1      | Reached XP level 1. HP: 16/16 MP: 1/1
   510 | D:1      | Gained mutation: You are partially covered in yellow
                  | scales. (AC +2) [demonic ancestry]
   510 | D:1      | Reached XP level 2. HP: 23/23 MP: 2/2
   839 | D:2      | Gained mutation: You have sharp fingernails. [demonic
                  | ancestry]
   839 | D:2      | Reached XP level 3. HP: 18/28 MP: 3/3
  1201 | D:2      | Reached skill level 3 in Fighting
  1857 | D:2      | Reached skill level 1 in Unarmed Combat
  1857 | D:2      | Gained mutation: You are partially covered in sharp spines.
                  | [demonic ancestry]
  1857 | D:2      | Reached XP level 4. HP: 35/35 MP: 4/4
  1867 | D:3      | Found a faded altar of an unknown god.
  1890 | D:3      | Noticed Natasha
  1918 | D:2      | Killed Natasha
  2265 | D:3      | Found a sacrificial altar of Ru.
  2321 | D:3      | Reached skill level 4 in Fighting
  2321 | D:3      | Gained mutation: You are mostly covered in yellow scales.
                  | (AC +3) [demonic ancestry]
  2321 | D:3      | Reached XP level 5. HP: 36/42 MP: 5/5
  2411 | D:3      | Noticed Sigmund
  2425 | D:3      | Killed Sigmund
  2425 | D:3      | Reached skill level 5 in Fighting
  2425 | D:3      | Reached XP level 6. HP: 35/51 MP: 6/6
  2431 | D:3      | Noticed Grinder
  2436 | D:3      | Paralysed by Grinder for 6 turns
  2820 | D:4      | Reached skill level 6 in Fighting
  2920 | D:4      | Found a basalt altar of Yredelemnul.
  3077 | D:4      | Gained mutation: You have very sharp fingernails. [demonic
                  | ancestry]
  3077 | D:4      | Reached XP level 7. HP: 44/58 MP: 7/7
  3584 | D:4      | Reached skill level 7 in Fighting
  3680 | D:5      | Entered Level 5 of the Dungeon
  3805 | D:5      | Reached skill level 1 in Shields
  3908 | D:5      | Found a runed door.
  3918 | D:5      | Gained mutation: You have claws for hands. [demonic
                  | ancestry]
  3918 | D:5      | Reached XP level 8. HP: 67/67 MP: 8/8
  4142 | D:5      | Noticed an angel
  4144 | D:5      | Found a glowing golden altar of the Shining One.
  4258 | D:5      | Found a glowing silver altar of Zin.
  4696 | D:3      | Killed Grinder
  4738 | D:3      | Found an opulent altar of Gozag.
  5047 | D:6      | Found a sparkling altar of Nemelex Xobeh.
  5096 | D:6      | Reached skill level 5 in Unarmed Combat
  5202 | D:6      | Found Urocossol's Food Boutique.
  5259 | D:6      | Found Qoux's Antique Armour Shoppe.
  5447 | D:6      | Found Poaruu's Antique Weapon Shoppe.
  6016 | D:6      | Found a staircase to the Ecumenical Temple.
  6139 | Temple   | Entered the Ecumenical Temple
  6200 | Temple   | Became a worshipper of Warmaster Okawaru
  6385 | D:7      | Gained mutation: You regenerate a little health from kills.
                  | [demonic ancestry]
  6385 | D:7      | Reached XP level 9. HP: 74/74 MP: 9/9
  6663 | D:7      | Reached skill level 8 in Fighting
  6916 | D:7      | Found a flagged portal.
  6949 | Bailey   | Entered a bailey
  7108 | Bailey   | Reached * piety under Okawaru
  7221 | Bailey   | Slain by an orc warrior

Skill      XL: |  1  2  3  4  5  6  7  8  9 |
---------------+----------------------------+-----
Axes           | 3 |  3.3
Fighting       | 3 4 5 6 7 8 |  8.5
Unarmed Combat | 1 2 3 4 6 7 |  7.3
Shields        | 2 4 |  4.8
Throwing       | |  1.7
Armour         | |  0.5
Dodging        | |  2.6

Action                   |  1- 3 |  4- 6 |  7- 9 || total
-------------------------+-------+-------+-------++-------
Melee: War axe           |   128 |    72 |       ||   200
       Unarmed           |       |       |   289 ||   289
Throw: Throwing net      |     1 |     3 |       ||     4
Evoke: Wand              |       |     2 |       ||     2
  Use: Potion            |       |     1 |     2 ||     3
       Scroll            |       |       |    10 ||    10
  Eat: Chunk             |     3 |     3 |     7 ||    13
       Ration            |       |       |     2 ||     2
Armor: Leather armour    |    63 |    26 |    99 ||   188
Dodge: Dodged            |   131 |    54 |   134 ||   319
Block: Buckler           |       |       |    40 ||    40
